 Dungeon Crawl Stone Soup version 0.25-a0-110-ge29c8f2358 (webtiles) character file.

Game seed: 17645813233556956285, levelgen mode: deterministic

7213 MisterFreud the Magician (level 11, -2/81 HPs)
             Began as a Gnoll Ice Elementalist on Nov 19, 2019.
             Was a Follower of Ashenzari.
             Slain by an eight-headed hydra (15 damage)
             ... on level 11 of the Dungeon.
             The game lasted 00:27:04 (11268 turns).

MisterFreud the Magician (Gnoll Ice Elementalist)  Turns: 11268, Time: 00:27:05

Health: -2/81      AC:  6    Str: 10    XL:     11   Next: 11%
Magic:  20/22      EV: 16    Int: 24    God:    Ashenzari [*.....]
Gold:   526        SH:  0    Dex: 16    Spells: 21/25 levels left

rFire    + . .     SeeInvis +   N - +8 long sword "Voeff" {drain, rElec Int+3} (curse)
rCold    x . .     Gourm    .   (no shield)
rNeg     . . .     Faith    .   a - +0 robe
rPois    .         Spirit   .   T - +1 helmet
rElec    +         Reflect  .   (no cloak)
rCorr    .         Harm     .   (no gloves)
MR       .....                  A - +1 pair of boots
Stlth    +++.......             (no amulet)
HPRegen  0.23/turn              p - ring of fire
MPRegen  0.18/turn              g - ring of see invisible

@: heavily drained
A: distributed training, fangs 1, strong nose
a: Curse Item, Scrying, Renounce Religion


You were on level 11 of the Dungeon.
You worshipped Ashenzari.
Ashenzari was aware of your devotion.
You were not hungry.

You visited 2 branches of the dungeon, and saw 12 of its levels.
You also visited: Sewer and Ossuary.

You collected 695 gold pieces.
You spent 169 gold pieces at shops.

Inventory:

Hand Weapons
 h - a +0 hunting sling
 n - a +1 vampiric short sword
 o - a +1 short sword of draining
 C - a +2 short sword of venom
 N - the cursed +8 long sword "Voeff" (weapon) {drain, rElec Int+3}
   (You took it off an orc on level 6 of the Dungeon)

   A truly terrible weapon, it drains the life of those it strikes.
   It affects your intelligence (+3).
   It insulates you from electricity.
   It has a curse placed upon it.
Missiles
 f - 12 poisoned darts
 k - 199 stones
 s - 74 sling bullets
 x - 80 arrows
 z - 15 boomerangs (quivered)
 B - 4 throwing nets
 R - 17 bolts
Armour
 a - a +0 robe (worn)
 A - a +1 pair of boots (worn)
 T - a +1 helmet (worn)
Jewellery
 g - a ring of see invisible (right hand)
 p - a ring of fire (left hand)
Wands
 l - a wand of polymorph (9)
 y - a wand of scattershot (8)
 E - a wand of digging (3)
 K - a wand of paralysis (9)
 M - a wand of disintegration (41)
 Q - a wand of acid (8)
 S - a wand of clouds (7)
Scrolls
 d - 5 scrolls of teleportation
 i - 2 scrolls of fog
 j - 3 scrolls of immolation
 w - 2 scrolls of remove curse
 F - 2 scrolls of amnesia
 G - 2 scrolls of identify
 H - 3 scrolls of fear
Potions
 b - 3 potions of flight
 e - 5 potions of curing
 m - 5 potions of resistance
 q - a potion of mutation
 r - 3 potions of haste
 t - 4 potions of brilliance
 u - a potion of heal wounds
 v - 3 potions of agility
 D - 4 potions of lignification
 J - a potion of berserk rage {unknown}
 O - a potion of might {unknown}
 P - 2 potions of invisibility {unknown}
Comestibles
 c - 14 rations
 L - 14 chunks of flesh


   Skills:
 + Level 5.9(4.4) Fighting
 + Level 5.9(4.4) Short Blades
 + Level 5.9(4.4) Long Blades
 + Level 5.9(4.4) Axes
 + Level 5.9(4.4) Maces & Flails
 + Level 5.9(4.4) Polearms
 + Level 5.9(4.4) Staves
 + Level 5.9(4.4) Slings
 + Level 5.9(4.4) Bows
 + Level 5.9(4.4) Crossbows
 + Level 5.9(4.4) Throwing
 + Level 5.9(4.4) Armour
 + Level 7.5(6.0) Dodging
 + Level 7.3(5.8) Stealth
 + Level 5.9(4.4) Shields
 + Level 5.9(4.4) Unarmed Combat
 + Level 7.8(6.3) Spellcasting
 + Level 5.3(3.9) Conjurations
 + Level 4.8(3.4) Hexes
 + Level 4.8(3.4) Charms
 + Level 4.8(3.4) Summonings
 + Level 4.8(3.4) Necromancy
 + Level 4.8(3.4) Translocations
 + Level 4.8(3.4) Transmutations
 + Level 4.8(3.4) Fire Magic
 + Level 7.4(5.9) Ice Magic
 + Level 4.8(3.4) Air Magic
 + Level 4.8(3.4) Earth Magic
 + Level 4.8(3.4) Poison Magic
 + Level 6.4(4.9) Invocations
 + Level 5.9(4.4) Evocations


You had 21 spell levels left.
You knew the following spells:

 Your Spells              Type           Power        Failure   Level  Hunger
a - Freeze                Ice            ####         1%          1    None
b - Ozocubu's Armour      Chrm/Ice       ####....     3%          3    None

Your spell library contained the following spells:

 Spells                   Type           Power        Failure   Level  Hunger
 Animate Skeleton         Necr           N/A          1%          1    None
 Apportation              Tloc           ###...       1%          1    None
 Confusing Touch          Hex            ###...       1%          1    None
 Sting                    Conj/Pois      ####         1%          1    None
 Summon Small Mammal      Summ           ###.         1%          1    None
 Throw Frost              Conj/Ice       ####..       1%          2    None
 Poisonous Vapours        Pois/Air       ###...       2%          2    None
 Mephitic Cloud           Conj/Pois/Air  ###.....     5%          3    None
 Throw Icicle             Conj/Ice       ####....     10%         4    ###....
 Summon Ice Beast         Ice/Summ       ####....     11%         4    ###....
 Olgreb's Toxic Radiance  Pois           ###.....     19%         4    ###....
 Venom Bolt               Conj/Pois      ####......   43%         5    #####..


Dungeon Overview and Level Annotations

Branches:
Dungeon (11/15)            Temple (1/1) D:6             Orc (0/2) D:9
  Sewer (visited)         Ossuary (visited)
   Lair: D:8-11

Altars:
Ashenzari
Cheibriados
Dithmenos
Elyvilon
Fedhas
Gozag
Hepliaklqana
Kikubaaqudgha
Makhleb
Nemelex Xobeh
Okawaru
Qazlal
Ru
Sif Muna
Trog
Uskayaw
Vehumet
Wu Jian
Xom
Yredelemnul
Zin
The Shining One

Shops:
D:4 !

Annotations:
D:7 4 runed translucent doors


Innate Abilities, Weirdness & Mutations

Your experience applies equally to all skills.
You have very sharp teeth.
Your uncanny sense of smell can sniff out nearby items.


Message History

You hit the gnoll but do no damage. You drain the gnoll.
You bite the gnoll, but do no damage.
The gnoll is moderately wounded.
The gnoll hits you with a +0 spear.
* * * LOW HITPOINT WARNING * * *
You slash the gnoll!
You kill the gnoll!
Some of the chunks of flesh in your inventory have rotted away.
There is a stone staircase leading up, spattered with blood here.
Found a ration.
c - 14 rations (gained 1)
A seven-headed hydra comes into view.
The seven-headed hydra roars!
You slice one of the seven-headed hydra's heads off!
The six-headed hydra grows two more!
You slash the eight-headed hydra!
The eight-headed hydra is moderately wounded.
The eight-headed hydra misses you. The eight-headed hydra bites you!
* * * LOW HITPOINT WARNING * * *
The eight-headed hydra bites you!
You die...

#..#..# ..#
####..#..# #.#
g....#...# #.#
......).<# #.# ##
####....## #.##.#
#######.######.#.#
................#
#######.##.###.##
#.##.##@##
#.##.###D# #.....
..# ####.. ...#
#### ###.# ##


You could see an eight-headed hydra.

Vanquished Creatures
  Erolcha (D:9)
  Harold (D:7)
  Maurice (D:8)
  A hippogriff (D:8)
  Sigmund (D:5)
  3 yaks (D:10)
  4 hogs (D:9)
  A human (D:9)
  A hungry ghost (D:10)
  4 wargs (D:9)
  A porcupine (D:10)
  2 orc warriors (D:6)
  A sky beast (D:8)
  An ice beast (D:5)
  A phantom (D:6)
  A necrophage (D:8)
  2 ogres
  2 centaurs
  3 bullfrogs
  A gnoll sergeant (D:9)
  3 scorpions
  9 killer bees (D:8)
  3 wights (D:6)
  A howler monkey (D:4)
  A centaur zombie (Ossuary)
  A crimson imp (D:5)
  2 bullfrog skeletons
  5 hounds
  A human zombie (Ossuary)
  4 jellies
  3 orc priests
  5 orc wizards
  Jessica (D:2)
  Natasha (thrice) (D:4)
  A hell rat (D:11)
  4 worker ants
  A big kobold zombie (Ossuary)
  A hound zombie (D:8)
  2 hound skeletons
  A howler monkey zombie (D:5)
  3 mummies
  5 gnolls
  A worker ant zombie (D:10)
  10 adders
  3 river rats
  A shadow imp (D:5)
  7 oozes
  3 adder zombies
  2 adder skeletons
  9 worms
  5 dart slugs (D:1)
  16 leopard geckos
  40 orcs
  6 ball pythons
  12 bats
  5 giant cockroaches
  4 goblins
  4 hobgoblins
  14 jackals
  4 quokkas
  7 frilled lizards
  2 goblin zombies (Ossuary)
  8 hobgoblin zombies (Ossuary)
  A jackal skeleton (D:4)
  12 kobolds
  14 kobold zombies (Ossuary)
  A leopard gecko zombie (D:6)
  8 orc zombies (Ossuary)
  A quokka skeleton (D:4)
  9 rats
  A rat zombie (Ossuary)
303 creatures vanquished.

Notes
Turn   | Place    | Note
-------+----------+-------------------------------------------
     0 | D:1      | MisterFreud the Gnoll Ice Elementalist began the quest for
                  | the Orb.
     0 | D:1      | Reached XP level 1. HP: 13/13 MP: 6/6
   293 | D:2      | Reached XP level 2. HP: 19/19 MP: 5/7
   562 | D:2      | Reached skill level 5 in Spellcasting
   562 | D:2      | Reached XP level 3. HP: 25/25 MP: 7/9
   778 | D:2      | Reached skill level 1 in Invocations
   818 | D:2      | Learned a level 3 spell: Ozocubu's Armour
  1053 | D:2      | Reached skill level 1 in Fighting
  1053 | D:2      | Reached skill level 1 in Short Blades
  1053 | D:2      | Reached skill level 1 in Long Blades
  1053 | D:2      | Reached skill level 1 in Axes
  1053 | D:2      | Reached skill level 1 in Maces & Flails
  1053 | D:2      | Reached skill level 1 in Polearms
  1053 | D:2      | Reached skill level 1 in Staves
  1053 | D:2      | Reached skill level 1 in Slings
  1053 | D:2      | Reached skill level 1 in Bows
  1053 | D:2      | Reached skill level 1 in Crossbows
  1053 | D:2      | Reached skill level 1 in Throwing
  1053 | D:2      | Reached skill level 1 in Armour
  1053 | D:2      | Reached skill level 1 in Shields
  1053 | D:2      | Reached skill level 1 in Unarmed Combat
  1053 | D:2      | Reached skill level 1 in Evocations
  1082 | D:2      | Found a faded altar of an unknown god.
  1084 | D:2      | Reached XP level 4. HP: 29/32 MP: 9/11
  1178 | D:2      | Noticed Jessica
  1180 | D:2      | Killed Jessica
  1180 | D:2      | Reached skill level 1 in Hexes
  1180 | D:2      | Reached skill level 1 in Charms
  1180 | D:2      | Reached skill level 1 in Summonings
  1180 | D:2      | Reached skill level 1 in Necromancy
  1180 | D:2      | Reached skill level 1 in Translocations
  1180 | D:2      | Reached skill level 1 in Transmutations
  1180 | D:2      | Reached skill level 1 in Fire Magic
  1180 | D:2      | Reached skill level 1 in Air Magic
  1180 | D:2      | Reached skill level 1 in Earth Magic
  1180 | D:2      | Reached skill level 1 in Poison Magic
  1312 | D:1      | Reached XP level 5. HP: 26/37 MP: 12/12
  2102 | D:3      | Found an ancient bone altar of Kikubaaqudgha.
  2104 | D:3      | Found a hide-covered altar of Uskayaw.
  2106 | D:3      | Found a shadowy altar of Dithmenos.
  2233 | D:3      | Found a glowing golden altar of the Shining One.
  2647 | D:3      | Reached XP level 6. HP: 42/44 MP: 11/13
  3021 | D:4      | Found Umpai's Distillery.
  3155 | D:4      | Found a sand-covered staircase.
  3159 | Ossuary  | Entered an ossuary
  3372 | Ossuary  | HP: 1/44 [mummy (12)]
  3378 | Ossuary  | Reached skill level 5 in Dodging
  4222 | D:4      | Noticed Natasha
  4227 | D:4      | Killed Natasha
  4227 | D:4      | Reached XP level 7. HP: 50/50 MP: 15/15
  4323 | D:4      | Noticed Natasha
  4370 | D:4      | Killed Natasha
  4381 | D:4      | Bought a potion of heal wounds for 65 gold pieces
  4381 | D:4      | Bought a potion of brilliance for 52 gold pieces
  4381 | D:4      | Bought a potion of degeneration for 13 gold pieces
  4381 | D:4      | Bought a potion of lignification for 39 gold pieces
  4393 | D:4      | Noticed Natasha
  4403 | D:4      | Killed Natasha
  4853 | D:4      | Found a basalt altar of Yredelemnul.
  5086 | D:5      | Entered Level 5 of the Dungeon
  5166 | D:5      | Reached skill level 5 in Stealth
  5265 | D:5      | Reached XP level 8. HP: 57/57 MP: 16/16
  5953 | D:5      | Found an opulent altar of Gozag.
  5953 | D:5      | Found a sparkling altar of Nemelex Xobeh.
  5953 | D:5      | Noticed Sigmund
  5960 | D:5      | Killed Sigmund
  6041 | D:5      | Found a snail-covered altar of Cheibriados.
  6139 | D:5      | Found a bloodstained altar of Trog.
  6514 | D:6      | Found a staircase to the Ecumenical Temple.
  6533 | Temple   | Entered the Ecumenical Temple
  6595 | Temple   | Became a worshipper of Ashenzari the Shackled
  6950 | D:6      | Reached XP level 9. HP: 65/65 MP: 14/18
  7033 | D:6      | Found a glowing drain.
  7042 | Sewer    | Entered a sewer
  7826 | D:6      | Identified the +8 long sword "Voeff" {drain, rElec Int+3}
  8229 | D:7      | Noticed Harold
  8554 | D:7      | Found a huge runed translucent gate.
  8554 | D:7      | Found a huge runed translucent gate.
  8554 | D:7      | Found a huge runed translucent gate.
  8554 | D:7      | Found a huge runed translucent gate.
  8554 | D:7      | Noticed a manticore
  8554 | D:7      | Noticed a polar bear
  8555 | D:7      | Noticed a polar bear
  8555 | D:7      | Noticed a polar bear
  8571 | D:7      | Killed Harold
  8682 | D:7      | Noticed a polar bear
  8811 | D:8      | Reached skill level 5 in Invocations
  8834 | D:8      | Found an ornate altar of the Wu Jian Council.
  8921 | D:8      | Reached XP level 10. HP: 67/73 MP: 20/20
  8966 | D:8      | Noticed Maurice
  8975 | D:8      | Killed Maurice
  9099 | D:8      | Reached skill level 5 in Fighting
  9099 | D:8      | Reached skill level 5 in Short Blades
  9099 | D:8      | Reached skill level 5 in Long Blades
  9099 | D:8      | Reached skill level 5 in Axes
  9099 | D:8      | Reached skill level 5 in Maces & Flails
  9099 | D:8      | Reached skill level 5 in Polearms
  9099 | D:8      | Reached skill level 5 in Staves
  9099 | D:8      | Reached skill level 5 in Slings
  9099 | D:8      | Reached skill level 5 in Bows
  9099 | D:8      | Reached skill level 5 in Crossbows
  9099 | D:8      | Reached skill level 5 in Throwing
  9099 | D:8      | Reached skill level 5 in Armour
  9099 | D:8      | Reached skill level 5 in Shields
  9099 | D:8      | Reached skill level 5 in Unarmed Combat
  9099 | D:8      | Reached skill level 5 in Evocations
  9505 | D:8      | Reached * piety under Ashenzari
  9738 | D:9      | Found a staircase to the Orcish Mines.
 10344 | D:9      | Reached skill level 5 in Conjurations
 10385 | D:9      | Found a sacrificial altar of Ru.
 10566 | D:9      | Noticed Erolcha
 10576 | D:9      | Killed Erolcha
 10797 | D:9      | Found a burning altar of Makhleb.
 10995 | D:10     | Entered Level 10 of the Dungeon
 11031 | D:10     | Reached XP level 11. HP: 77/81 MP: 18/22
 11221 | D:10     | Noticed a death yak
 11222 | D:10     | Noticed a death yak
 11224 | D:10     | Noticed a death yak
 11267 | D:11     | Noticed a seven-headed hydra
 11268 | D:11     | Slain by an eight-headed hydra

Levels and vault maps discovered:
D:1:      saegor_arrival_simple_c, layout_rooms, st_stairs_6
D:2:      layout_loops_corners, chequers_ecumenical_altar_simple_redux,
          uniq_jessica
D:3:      layout_basic, grunt_temple_overflow_open, lemuel_doored_altar,
          first_ration, saegor_snake_ambush
D:4:      cheibrodos_barr_body, layout_basic, kennysheep_mini_moat,
          lightli_ossuary_entry_decrepit_ruins, serial_shops,
          nicolae_shop_waterfront, uniq_natasha
D:5:      layout_basic, grunt_temple_overflow_opulence, slow_altar_2,
          old_standard_altar, uniq_sigmund
D:6:      layout_loops_ring, minmay_temple_entry_slanted, portal_sewer_entry_b,
          item_on_display_a
D:7:      lemuel_bear_cage, layout_cave_pools, uniq_harold
D:8:      layout_loops_corners, nicolae_overflow_crystal_walls, uniq_maurice
D:9:      layout_irregular_city, nicolae_ru_awakened_eye, marbit_many_paths,
          minmay_orc_entry_guard_dogs, grunt_livestock, uniq_erolcha
D:10:     layout_rooms, dpeg_lair_monsters, chequers_serial_rivers_micro_d,
          kennysheep_generic_room_2
D:11:     minmay_the_grid_triangle_9x9_line_8_mashed
          [minmay_the_grid_triangle_9x9_sprig,
          minmay_the_grid_triangle_9x9_subtriangle,
          minmay_the_grid_triangle_9x9_dagger,
          minmay_the_grid_triangle_9x9_alien,
          minmay_the_grid_triangle_9x9_skeleton,
          minmay_the_grid_triangle_9x9_limited_checkers,
          minmay_the_grid_triangle_9x9_steps,
          minmay_the_grid_triangle_9x9_prize_schism], layout_loops_ring,
          eino_house_with_fridge
Temple:   jpeg_temple_alley_garden

Skill      XL: |  1  2  3  4  5  6  7  8  9 10 |
---------------+-------------------------------+-----
Conjurations   | 2 3 4 5 |  5.3
Spellcasting   | 5 6 7 |  7.8
Invocations    | 1 2 3 4 5 6 |  6.4
Fighting       | 1 2 3 4 5 |  5.9
Short Blades   | 1 2 3 4 5 |  5.9
Long Blades    | 1 2 3 4 5 |  5.9
Axes           | 1 2 3 4 5 |  5.9
Maces & Flails | 1 2 3 4 5 |  5.9
Polearms       | 1 2 3 4 5 |  5.9
Staves         | 1 2 3 4 5 |  5.9
Slings         | 1 2 3 4 5 |  5.9
Bows           | 1 2 3 4 5 |  5.9
Crossbows      | 1 2 3 4 5 |  5.9
Throwing       | 1 2 3 4 5 |  5.9
Armour         | 1 2 3 4 5 |  5.9
Shields        | 1 2 3 4 5 |  5.9
Unarmed Combat | 1 2 3 4 5 |  5.9
Evocations     | 1 2 3 4 5 |  5.9
Hexes          | 1 2 3 4 |  4.8
Charms         | 1 2 3 4 |  4.8
Summonings     | 1 2 3 4 |  4.8
Necromancy     | 1 2 3 4 |  4.8
Translocations | 1 2 3 4 |  4.8
Transmutations | 1 2 3 4 |  4.8
Fire Magic     | 1 2 3 4 |  4.8
Air Magic      | 1 2 3 4 |  4.8
Earth Magic    | 1 2 3 4 |  4.8
Poison Magic   | 1 2 3 4 |  4.8
Dodging        | 5 6 7 |  7.5
Stealth        | 5 6 7 |  7.3
Ice Magic      | 6 7 |  7.4

Action                   |  1- 3 |  4- 6 |  7- 9 | 10-12 || total
-------------------------+-------+-------+-------+-------++-------
Melee: Dagger            |    54 |       |       |       ||    54
       Bite              |     7 |    46 |    50 |    31 ||   134
       Short sword       |       |   381 |   477 |       ||   858
       Punch             |       |     3 |     8 |     7 ||    18
       Long sword        |       |       |    50 |   204 ||   254
Throw: Boomerang         |       |       |     9 |     1 ||    10
 Cast: Freeze            |    23 |    36 |    68 |       ||   127
       Ozocubu's Armour  |     1 |     6 |    25 |    19 ||    51
Invok: Curse Item        |       |       |     1 |       ||     1
  Use: Scroll            |       |    11 |     3 |     4 ||    18
       Potion            |       |     3 |     2 |       ||     5
 Stab: Sleeping          |     4 |    21 |    17 |     4 ||    46
       Distracted        |       |     1 |     1 |     1 ||     3
  Eat: Chunk             |     1 |     7 |    17 |     9 ||    34
       Ration            |       |     1 |       |       ||     1
Armor: Robe              |    11 |    71 |   135 |    53 ||   270
       Skin              |       |     9 |       |       ||     9
Dodge: Dodged            |    68 |   243 |   388 |   228 ||   927
       Rpst.: Long sword |       |       |     9 |    48 ||    57

Table legend:
 A = Non-vault XP
 B = Vault XP
 C = Vault XP percentage of total XP
 D = Non-vault monster count
 E = Vault monster count
 F = Vault count percentage of total count
                 A         B        C        D         E       F
            +---------+---------+-------+---------+---------+-------
      Total |    5234 |    5071 |  49.2 |     200 |     103 |  34.0
            +---------+---------+-------+---------+---------+-------
        D:1 |      56 |       1 |   1.8 |      26 |       1 |   3.7
        D:2 |     113 |      37 |  24.7 |      31 |       1 |   3.1
        D:3 |     103 |      29 |  22.0 |      20 |       3 |  13.0
        D:4 |     256 |     129 |  33.5 |      15 |       8 |  34.8
        D:5 |     607 |     238 |  28.2 |      18 |       2 |  10.0
        D:6 |    1030 |      37 |   3.5 |      30 |       8 |  21.1
        D:7 |     262 |     992 |  79.1 |      14 |       1 |   6.7
        D:8 |    1514 |     462 |  23.4 |      21 |       1 |   4.5
        D:9 |     327 |    2689 |  89.2 |      13 |      10 |  43.5
       D:10 |     952 |     154 |  13.9 |      11 |       4 |  26.7
       D:11 |      14 |      36 |  72.0 |       1 |       1 |  50.0
      Sewer |       0 |      77 | 100.0 |       0 |      24 | 100.0
    Ossuary |       0 |     190 | 100.0 |       0 |      39 | 100.0
            +---------+---------+-------+---------+---------+-------
